 Dungeon Crawl Stone Soup version 0.28.0 (webtiles) character file.

Game seed: 14982549907693368385

6488 BALLS the Carver (level 11, -4/60 HPs)
             Began as a Vine Stalker Fighter on Feb 17, 2022.
             Was a Believer of Okawaru.
             Killed from afar by a bog body (14 damage)
             ... with a bolt of cold
             ... summoned by a worldbinder
             ... on level 2 of the Abyss.
             The game lasted 00:19:28 (8221 turns).

BALLS the Carver (Vine Stalker Fighter)             Turns: 8221, Time: 00:19:29

Health: -4/60      AC: 17    Str: 22    XL:     11   Next: 0%
Magic:  0/15       EV: 14    Int: 13    God:    Okawaru [**....]
Gold:   559        SH:  8    Dex: 20    Spells: 10/10 levels left

rFire   . . .      SeeInvis .   a - +0 long sword
rCold   . . .      Faith    .   c - +0 buckler
rNeg    . . .      Spirit   +   x - +1 acid dragon scales "Kedovatu" {Will+ rCorr Dex+5}
rPois   .          Reflect  .   I - +0 helmet
rElec   +          Harm     .   l - +0 cloak
rCorr   +          Rampage  .   q - +3 pair of gloves of Wothak {rElec Regen+ Int+5}
Will    ++...                   (no boots)
Stlth   +++.......              B - amulet of magic regeneration
HPRegen 1.80/turn               (no ring)
MPRegen 0.54/turn               (no ring)

@: heroic
A: fangs 3, regeneration 1, magic shield, antimagic bite, no potion heal 2
a: Renounce Religion, Heroism


You were on level 2 of the Abyss.
You worshipped Okawaru.
Okawaru was pleased with you.
You visited 2 branches of the dungeon, and saw 10 of its levels.
You visited the Abyss 1 time.
You also visited: Sewer.

You collected 581 gold pieces.
You spent 22 gold pieces at shops.

Inventory:

Hand Weapons
 a - a +0 long sword (weapon)
 A - a +0 glaive of flaming
Missiles
 F - a throwing net (quivered)
Armour
 c - a +0 buckler (worn)
 l - a +0 cloak (worn)
 q - the +3 pair of gloves of Wothak (worn) {rElec Regen+ Int+5}
   (You found it on level 3 of the Dungeon)

   Int:       It affects your intelligence (+5).
   rElec:     It insulates you from electricity.
   Regen:     It increases your rate of health regeneration.
 x - the +1 acid dragon scales "Kedovatu" (worn) {Will+ rCorr Dex+5}
   (You found it on level 5 of the Dungeon)

   Dex:       It affects your dexterity (+5).
   rCorr:     It protects you from acid and corrosion.
   Will:      It increases your willpower.
 I - a +0 helmet (worn)
Jewellery
 B - an amulet of magic regeneration (around neck)
Wands
 D - a wand of paralysis (6)
 H - a wand of polymorph (2)
 J - a wand of digging (4)
Scrolls
 b - 3 scrolls of vulnerability {unknown}
 e - 5 scrolls of immolation
 h - a scroll of brand weapon {unknown}
 k - a scroll of enchant armour
 m - 2 scrolls of holy word
 n - a scroll of blinking
 o - a scroll of torment
 r - 4 scrolls of fog {unknown}
 s - 4 scrolls of teleportation
 u - 2 scrolls of fear {unknown}
 w - a scroll of silence {unknown}
 y - a scroll of enchant weapon {unknown}
 C - a scroll of summoning {unknown}
Potions
 d - 4 potions of flight {unknown}
 f - 3 potions of heal wounds
 g - a potion of ambrosia {unknown}
 i - a potion of resistance {unknown}
 j - 6 potions of curing {unknown}
 p - a potion of attraction {unknown}
 v - 2 potions of mutation {unknown}
 z - 2 potions of invisibility {unknown}
 E - a potion of haste
 G - a potion of might
Miscellaneous
 t - a piece from Xom's chessboard (15/15)


   Skills:
 - Level 8.0(13.0) Fighting
 - Level 10.0(15.0) Long Blades
 - Level 5.0(10.0) Armour
 + Level 6.0(11.0) Shields
 - Level 5.0 Invocations


You had 10 spell levels left.
You didn't know any spells.
Your spell library contained the following spells:

 Spells                   Type           Power      Damage    Failure   Level
 Corpse Rot               Necr/Air       0%         N/A       56%         2
 Dispel Undead            Necr           0%         3d6       99%         4
 Blade Hands              Tmut           0%         N/A       100%        5
 Iron Shot                Conj/Erth      0%         9d1       100%        6
 Summon Small Mammal      Summ           Unusable   N/A       N/A         1
 Call Canine Familiar     Summ           Unusable   N/A       N/A         3
 Summon Guardian Golem    Hex/Summ       Unusable   N/A       N/A         3
 Animate Armour           Summ/Erth      Unusable   N/A       N/A         4
 Death Channel            Necr           Unusable   N/A       N/A         6

Dungeon Overview and Level Annotations

Branches:
Dungeon (9/15)             Temple (1/1) D:7           Sewer (visited)
   Lair: D:8-11         Orc: D:9-12

Altars:
Ashenzari
Cheibriados
Dithmenos
Elyvilon
Fedhas
Gozag
Hepliaklqana
Kikubaaqudgha
Makhleb
Nemelex Xobeh
Okawaru
Qazlal
Ru
Sif Muna
Trog
Uskayaw
Vehumet
Wu Jian
Xom
Yredelemnul
Zin
The Shining One

Shops:
D:4 ?   D:7 (

Annotations:
D:7 exclusion: oklob plant


Innate Abilities, Weirdness & Mutations

You have razor-sharp teeth.
Your natural rate of healing is unusually fast.
When hurt, damage is shared between your health and your magic reserves.
Your bite disrupts and absorbs the magic of your enemies.
Potions cannot restore your health.


Message History

The worldbinder is lightly damaged.
You block the bog body's attack. The worldbinder closely misses you.
The worldbinder barely misses you. You block the goliath frog's attack.
You hit the worldbinder.
The worldbinder is moderately damaged.
The worldbinder barely misses you.
The worldbinder hits you but does no damage.
The bog body gestures at you while chanting.
The bolt of cold hits you!! The bolt of cold misses you.
The bolt of cold hits the bog body!
The bog body resists.
The goliath frog closely misses you.
You slash the worldbinder!
The worldbinder is heavily damaged.
The worldbinder calls forth creatures from the Swamp!
The goliath frog hits you.
You are splashed with acid.
You resist.
You barely miss the worldbinder.
The worldbinder is heavily damaged.
The goliath frog disappears in a puff of smoke!
The bog body casts a spell at you. The bolt of cold misses you.
The bolt of cold hits you!
* * * LOW HITPOINT WARNING * * *
The bolt of cold misses the bog body.
You block the worldbinder's attack. x2
You slash the worldbinder! You bite the worldbinder.
The worldbinder's magic leaks into the air.
You drain its magic.
You feel invigorated.
The worldbinder is severely damaged.
The worldbinder hits you.
* * * LOW HITPOINT WARNING * * *
The worldbinder hits you.
* * * LOW HITPOINT WARNING * * *
You block the bog body's attack.
You hit the worldbinder but do no damage.
You bite the worldbinder, but do no damage.
The worldbinder is severely damaged.
The worldbinder's magic is no longer disrupted.
You block the worldbinder's attack.
The worldbinder hits you but does no damage.
The bog body casts a spell at you. The bolt of cold hits you!!
You die...

... . # .....#
##.## .##
..#...###...## ...#
.......#.....#.....
#...............
#.... .≈#≈ ♣#. .#
#. .#..###.## ## .
#kn#n.≈#≈ #. .
#@#.#### .## ##...
##x# . . ..##. .
##.####...#.## ##
#. ....## #.#. ##.#
# .. .#. .#
#.#.#.#.. . ##..
..###. . #....
#..#.


You could see a worldbinder, a bog body (summoned) and a swamp drake (summoned).

Vanquished Creatures
  A two-headed ogre (D:9)
  2 thrashing horrors (Abyss:2)
  Pikel (D:5)
  Maggie (D:6)
  Psyche (D:8)
  A hydra skeleton (Abyss:2)
  3 raiju (Abyss:2)
  5 yaks (D:8)
  Menkaure (D:7)
  Duvessa (D:7)
  2 water moccasins
  Pargi (Sewer)
  A black bear (D:6)
  2 ice beasts
  4 orc warriors
  A sky beast (D:6)
  A necrophage (D:4)
  3 ogres
  4 centaurs
  A phantom (D:5)
  2 lemures (D:5)
  A kobold brigand (D:7)
  4 bullfrogs
  5 scorpions
  Dowan (D:7)
  11 wights
  4 howler monkeys
  A centaur zombie (D:8)
  4 hounds
  A gnoll shaman (D:8)
  5 orc priests
  A bullfrog skeleton (D:5)
  2 jellies (D:4)
  Crazy Yiuf (D:5)
  3 iguanas
  4 orc wizards
  A howler monkey zombie (D:8)
  8 gnolls
  4 adders
  3 shadow imps
  3 white imps
  An ufetubus (D:7)
  An adder zombie (D:5)
  3 adder skeletons
  2 worms
  2 dart slugs
  21 orcs
  6 endoplasms
  3 giant cockroaches
  9 goblins
  9 hobgoblins
  3 jackals (D:2)
  5 quokkas
  6 ball pythons
  8 bats
  7 frilled lizards
  15 kobolds
  3 rats
  A butterfly (D:4)
211 creatures vanquished.

Vanquished Creatures (others)
  12 toadstools (D:7)
12 creatures vanquished.

Grand Total: 223 creatures vanquished

Notes
Turn   | Place    | Note
-------+----------+-------------------------------------------
     0 | D:1      | BALLS the Vine Stalker Fighter began the quest for the Orb.
     0 | D:1      | Reached XP level 1. HP: 11/11 MP: 2/2
    28 | D:1      | Reached skill level 2 in Long Blades
   173 | D:1      | Reached XP level 2. HP: 16/16 MP: 3/3
   406 | D:1      | Found a faded altar of an unknown god.
   411 | D:1      | Reached skill level 3 in Long Blades
   554 | D:1      | Reached XP level 3. HP: 19/19 MP: 4/4
  1323 | D:2      | Gained mutation: Your natural rate of healing is unusually
                  | fast. [Vine Stalker growth]
  1323 | D:2      | Reached XP level 4. HP: 12/23 MP: 5/5
  1654 | D:2      | Reached skill level 4 in Long Blades
  1941 | D:3      | Reached XP level 5. HP: 14/27 MP: 2/6
  2056 | D:3      | Reached skill level 5 in Long Blades
  2251 | D:3      | Identified the +3 pair of gloves of Wothak {rElec Regen+
                  | Int+5}
  2868 | D:4      | Noticed a necrophage
  2942 | D:4      | Found Vefuvil's Magic Scroll Emporium.
  2950 | D:4      | Bought a scroll of identify for 22 gold pieces
  3055 | D:4      | Reached XP level 6. HP: 30/32 MP: 7/7
  3180 | D:4      | Reached skill level 6 in Long Blades
  3196 | D:4      | Killed a necrophage
  3197 | D:4      | Reached XP level 7. HP: 35/35 MP: 4/8
  3424 | D:4      | Found a shimmering altar of Xom.
  3586 | D:5      | Entered Level 5 of the Dungeon
  3602 | D:5      | Reached skill level 7 in Long Blades
  3674 | D:5      | Noticed Pikel
  3712 | D:5      | Killed Pikel
  3713 | D:5      | Reached skill level 5 in Fighting
  3713 | D:5      | Gained mutation: You have razor-sharp teeth. [Vine Stalker
                  | growth]
  3713 | D:5      | Reached XP level 8. HP: 26/43 MP: 5/9
  3748 | D:5      | Found a runed translucent door.
  3749 | D:5      | Noticed Crazy Yiuf
  3810 | D:5      | Reached skill level 5 in Shields
  3980 | D:5      | Identified the +1 acid dragon scales "Kedovatu" {Will+
                  | rCorr Dex+5}
  4060 | D:5      | Found a glowing drain.
  4065 | Sewer    | Entered a sewer
  4081 | Sewer    | Noticed Pargi
  4088 | Sewer    | Killed Pargi
  4711 | D:5      | Killed Crazy Yiuf
  4712 | D:5      | Reached XP level 9. HP: 47/47 MP: 10/10
  4792 | D:6      | Reached skill level 5 in Armour
  5072 | D:6      | Noticed Maggie
  5100 | D:6      | Reached skill level 8 in Long Blades
  5112 | D:6      | HP: 2/47 [Maggie (4)]
  5116 | D:6      | Killed Maggie
  5446 | D:6      | Found a snail-covered altar of Cheibriados.
  5446 | D:6      | Found a faded altar of an unknown god.
  5454 | D:6      | Found a broken altar of Ashenzari.
  5458 | D:6      | Found a hazy altar of Hepliaklqana.
  5460 | D:6      | Found a faded altar of an unknown god.
  5550 | D:7      | Found a staircase to the Ecumenical Temple.
  5562 | Temple   | Entered the Ecumenical Temple
  5590 | Temple   | Became a worshipper of Warmaster Okawaru
  5660 | D:7      | Reached skill level 1 in Invocations
  5836 | D:7      | Reached * piety under Okawaru
  5837 | D:7      | Reached skill level 5 in Invocations
  5837 | D:7      | Reached skill level 9 in Long Blades
  5929 | D:7      | Noticed Menkaure
  5937 | D:7      | Killed Menkaure
  5938 | D:7      | Reached XP level 10. HP: 51/51 MP: 14/14
  5975 | D:7      | Found a white marble altar of Elyvilon.
  6110 | D:7      | Found Hukalops's Weapon Shop.
  6298 | D:7      | Found a blossoming altar of Fedhas.
  6313 | D:7      | Noticed an oklob plant
  6382 | D:7      | Noticed Dowan
  6385 | D:7      | Noticed Duvessa
  6402 | D:7      | Killed Duvessa
  6420 | D:7      | Killed Dowan
  6421 | D:7      | Reached skill level 10 in Long Blades
  6700 | D:8      | Noticed Psyche
  6716 | D:8      | Killed Psyche
  6716 | D:8      | Reached ** piety under Okawaru
  7879 | D:9      | Noticed a two-headed ogre
  7921 | D:9      | Killed a two-headed ogre
  7925 | D:9      | Reached XP level 11. HP: 44/60 MP: 15/15
  7967 | D:9      | Noticed a wizard
  7974 | D:9      | Cast into level 2 of the Abyss (a wizard)
  7974 | Abyss:2  | Found a corrupted altar of Lugonu.
  8034 | Abyss:2  | Noticed a bone dragon
  8112 | Abyss:2  | Noticed a thrashing horror
  8112 | Abyss:2  | Noticed a thrashing horror
  8133 | Abyss:2  | Killed a thrashing horror
  8153 | Abyss:2  | Killed a thrashing horror
  8209 | Abyss:2  | Noticed a worldbinder
  8213 | Abyss:2  | Noticed a goliath frog
  8215 | Abyss:2  | Noticed a bog body
  8219 | Abyss:2  | Noticed a bog body
  8221 | Abyss:2  | Killed from afar by a bog body

Illustrated notes

Levels and vault maps discovered:
D:1:      zaba_arrival_water, layout_loops_ring,
          hellmonk_ecumenical_altar_run_dry
D:2:      layout_basic, eino_curves_01, kennysheep_generic_room_5
D:3:      layout_basic, kennysheep_nondescript
D:4:      layout_basic, xom_butterflies, serial_shops, shop
D:5:      layout_gridville, portal_sewer_entry_e, hangedman_minor_gate_pass,
          uniq_crazy_yiuf_cottage, uniq_pikel
D:6:      layout_loops_ring, chequers_temple_overflow_minitemple, uniq_maggie
D:7:      layout_cave_pods, mainiacjoe_overflow_six_doors_small, tgw_fedhas,
          minmay_temple_entry_mist, serial_shops, shop, uniq_menkaure,
          uniq_duvessa
D:8:      corexii_shack_village, layout_basic, minivault_23, uniq_psyche
D:9:      layout_long_grid
Temple:   compressed_dpeg_circular_temple
Abyss:2:  base: D:6, hangedman_abyss_overflow_altar,
          hangedman_abyss_stitches_cave

Skill      XL: |  1  2  3  4  5  6  7  8  9 10 |
---------------+-------------------------------+-----
Long Blades    | 2 3 4 5 6 7 9 10 | 10.0
Fighting       | 5 8 |  8.0
Shields        | 4 5 6 |  6.0
Armour         | 4 5 |  5.0
Invocations    | 5 |  5.0

Action                   |  1- 3 |  4- 6 |  7- 9 | 10-12 || total
-------------------------+-------+-------+-------+-------++-------
Melee: Long sword        |    93 |   124 |   255 |   292 ||   764
       Bite              |    14 |    28 |    72 |   108 ||   222
Invok: Heroism           |       |       |       |     4 ||     4
  Use: Scroll            |       |     7 |     1 |     2 ||    10
       Potion            |       |       |     1 |       ||     1
 Stab: Sleeping          |       |       |     2 |     1 ||     3
Armor: Scale mail        |    51 |    57 |    24 |       ||   132
       Acid dragon scale |       |       |    98 |   119 ||   217
Dodge: Dodged            |    57 |    66 |   110 |   130 ||   363
Block: Buckler           |    29 |    30 |    74 |    92 ||   225
